 Dungeon Crawl Stone Soup version 0.28-a0-793-g31680bbd8b (webtiles) character file.

Game seed: 12810536116002857800

16 ytrimaz the Skirmisher (level 2, -2/24 HPs)
             Began as a Demonspawn Fighter on Nov 4, 2021.
             Killed from afar by Sigmund (4 damage)
             ... with a magic dart
             ... on level 2 of the Dungeon.
             The game lasted 00:01:05 (1067 turns).

ytrimaz the Skirmisher (Demonspawn Fighter)         Turns: 1067, Time: 00:01:07

Health: -2/24      AC:  7    Str: 16    XL:     2   Next: 41%
Magic:  2/2        EV:  9    Int:  9    God:
Gold:   86         SH:  4    Dex: 12    Spells: 1/1 levels left

rFire   . . .      SeeInvis .   a - +0 war axe
rCold   . . .      Faith    .   c - +0 buckler
rNeg    . . .      Spirit   .   b - +0 scale mail
rPois   .          Reflect  .   (no helmet)
rElec   .          Harm     .   (no cloak)
rCorr   .          Rampage  .   f - +0 pair of gloves
Will    .....                   (no boots)
Stlth   ..........              (no amulet)
HPRegen 0.08/turn               (no ring)
MPRegen 0.08/turn               (no ring)

@: no status effects
A: powered by pain 1
a: no special abilities


You were on level 2 of the Dungeon.
You visited 1 branch of the dungeon, and saw 2 of its levels.

You collected 86 gold pieces.

Inventory:

Hand Weapons
 a - a +0 war axe (weapon)
Armour
 b - a +0 scale mail (worn)
 c - a +0 buckler (worn)
 f - a +0 pair of gloves (worn)
Potions
 d - a potion of might
 h - a potion of attraction {unknown}


   Skills:
 + Level 3.1 Fighting
 * Level 2.2 Axes
 + Level 2.8 Armour
 * Level 0.3 Dodging
 * Level 2.8 Shields


You had one spell level left.
You didn't know any spells.
Your spell library was empty.

Dungeon Overview and Level Annotations

Branches:
Dungeon (2/15)

Altars:

Shops:
D:1 [

Annotations:
D:2 Sigmund, Terence


Innate Abilities, Weirdness & Mutations

You sometimes gain a little power by taking damage.


Message History

Terence hits you from afar with a +0 trident.
You barely miss the ball python.
The ball python bites you but does no damage.
The ball python grabs you. The ball python constricts you.
The ball python barely misses you. The ball python constricts you.
You barely miss the ball python. The ball python barely misses you.
The ball python constricts you.
You completely miss the ball python. The ball python closely misses you.
The ball python constricts you. Something hits you!
* * * LOW HITPOINT WARNING * * *
The ball python closely misses you. The ball python constricts you.
Unknown command.
You closely miss the ball python. The ball python closely misses you.
The ball python constricts you. Something hits you.
* * * LOW HITPOINT WARNING * * *
The ball python bites you but does no damage.
The ball python constricts you.
Unknown command.
You escape the ball python's grasp.
Sigmund appears from thin air!
Reactivating autopickup.
Sigmund gestures wildly while chanting.
Sigmund flickers and vanishes!
Deactivating autopickup; reactivate with Ctrl-A.
The ball python bites you but does no damage.
The ball python closely misses you. You block the ball python's attack.
The ball python misses you.
A rat comes into view.
You hit the rat but do no damage. You barely miss the ball python.
The ball python completely misses you. The ball python closely misses you.
The rat bites you but does no damage. Something hits you.
* * * LOW HITPOINT WARNING * * *
The ball python closely misses you. The ball python misses you.
Unknown command.
You closely miss the rat. You slash the ball python!
You kill the ball python!
The rat bites you but does no damage. The rat bites you.
* * * LOW HITPOINT WARNING * * *
A magic dart appears from out of thin air!
The magic dart hits you.
You die...

#,#.#**********,,,,,,,,,,,
#.#.#,*,*,*,*,*,,*,****,*,
#...#+#+#+#+#+*,,*,****,*,
###..@........,,**,*,,,,*,
####.##.###,*,**,*,,,,,,
#..@.# *,,,,,,,,,,,*,
####{# ***,**,****,*, #†#
*,**,****,*,
#@#****,,>,,,,,,*>
#.r.....#*,*****,,
#######..,,,,,,,,,
************


You could see Terence and a rat.

Vanquished Creatures
  A bat (D:1)
  2 giant cockroaches
  3 goblins (D:1)
  4 hobgoblins (D:1)
  2 ball pythons
  A kobold (D:1)
  3 rats (D:1)
16 creatures vanquished.

Notes
Turn   | Place    | Note
-------+----------+-------------------------------------------
     0 | D:1      | ytrimaz the Demonspawn Fighter began the quest for the Orb.
     0 | D:1      | Reached XP level 1. HP: 18/18 MP: 1/1
   185 | D:1      | Found Tekyod's Antique Armour Emporium.
   308 | D:1      | Gained mutation: You sometimes gain a little power by
                  | taking damage. [demonic ancestry]
   308 | D:1      | Reached XP level 2. HP: 13/24 MP: 2/2
  1023 | D:2      | Noticed Sigmund
  1023 | D:2      | Noticed Terence
  1067 | D:2      | Killed from afar by Sigmund

Illustrated notes

Levels and vault maps discovered:
D:1:      dpeg_chamrin_arrival_tetris, layout_loops_ring, serial_shops, shop,
          minmay_misc_feat_iff, chequers_serial_rivers_micro_e
D:2:      layout_loops_ring, basic_altar, minmay_rat_gold_closets, uniq_robin,
          uniq_sigmund, uniq_jessica, uniq_terence

Skill      XL: |  1  2 |
---------------+-------+-----
Axes           | 2 |  2.2
Fighting       | |  3.1
Armour         | |  2.8
Dodging        | |  0.3
Shields        | |  2.8

Action                   || total
-------------------------++-------
Melee: War axe           ||    46
  Use: Scroll            ||     4
Armor: Scale mail        ||    33
Dodge: Dodged            ||    27
Block: Buckler           ||    10

Table legend: (Time is in decaauts)
 A = Elapsed time spent in this place.
 B = Non-inter-level travel time spent in this place.
 C = Inter-level travel time spent in this place.
 D = Time resting spent in this place.
 E = Time spent auto-exploring this place.
 F = Levels seen in this place.
 G = Mean time per level.
                   A        B        C        D        E       F      G
               +--------+--------+--------+--------+--------+-----+--------+
         Total |   1086 |   1035 |     51 |      0 |    849 |   2 |  543.0 |
       Dungeon |   1086 |   1035 |     51 |      0 |    849 |   2 |  543.0 |
               +--------+--------+--------+--------+--------+-----+--------+

Top non-repeatable levels by time:
     D:1: 1035 daAuts
     D:2: 50 daAuts
